Minnesota North Stars vs Philadelphia Flyers
Created - Wednesday, February 19, 2025 at 08:54
Goals
|
| Minnesota North Stars |
0 |
3 |
0 |
3 |
| Philadelphia Flyers |
1 |
0 |
0 |
1 |
|
Shots
|
| Minnesota North Stars |
3 |
13 |
7 |
23 |
| Philadelphia Flyers |
19 |
8 |
3 |
30 |
|
1st period
1. Philadelphia Flyers , Casey Cizikas 3 (Sean Kuraly 7) at 13:29 (PP)
Penalties :
Erik Cernak (MNS) for Tripping (Minor) at 12:10
2nd period
2. Minnesota North Stars , Valeri Nichushkin 11 (Jack Hughes 8) at 11:17 (PP)
3. Minnesota North Stars , Evgeni Malkin 4 (William Karlsson 7, Frank Vatrano 7) at 14:37
4. Minnesota North Stars , Gustav Forsling 2 (Erik Cernak 2, William Karlsson 8) at 14:55
Penalties :
Sean Kuraly (PHI) for Slashing (Minor) at 11:05, Rasmus Dahlin (MNS) for Tripping (Minor) at 11:47, Sean Kuraly (PHI) for Tripping (Minor) at 15:16, Dylan DeMelo (MNS) for Tripping (Minor) at 17:53
3rd period
No Goal
Penalties :
Frank Vatrano (MNS) for Tripping (Minor) at 7:06, Joshua Brown (PHI) for Holding (Minor) at 14:45
Goalie Stats
Charlie Lindgren (MNS), 29 saves from 30 shots - (0.967), W, 4-1-1, 60:00 minutes
Jake Allen (PHI), 20 saves from 23 shots - (0.870), L, 0-2-1, 60:00 minutes
Players Stats for Minnesota North Stars
Player Name G A P +/- PIM S H SB GA TA FO MP PP MP PK MP
------------------------------------------------------------------------------------
Alexander Kerfoot 0 0 0 0 0 0 0 0 0 0 1/3 15:27 0:00 4:07
Brock Nelson 0 0 0 1 0 2 1 0 1 0 2/3 17:39 2:03 0:00
Dylan DeMelo 0 0 0 0 2 1 3 1 0 1 0/0 18:11 0:00 2:57
Erik Cernak 0 1 1 1 2 1 0 4 0 1 0/0 17:49 0:00 2:52
Evan Rodrigues 0 0 0 0 0 2 1 0 0 0 0/3 8:03 0:00 0:00
Evgeni Malkin 1 0 1 1 0 4 0 0 0 0 4/12 17:49 2:03 0:08
Frank Vatrano 0 1 1 1 2 1 1 0 1 0 0/1 15:48 2:07 0:00
Gustav Forsling 1 0 1 1 0 1 0 3 0 0 0/0 20:03 1:35 3:58
Ivan Barbashev 0 0 0 0 0 1 3 0 0 0 1/2 9:48 2:03 0:00
Jack Hughes 0 1 1 0 0 2 0 0 0 0 3/8 12:32 2:07 0:10
Lawson Crouse 0 0 0 1 0 4 1 0 0 0 1/2 18:30 0:00 2:22
Matt Roy 0 0 0 0 0 0 2 1 0 2 0/0 20:56 1:35 3:18
Neal Pionk 0 0 0 1 0 0 1 1 0 3 0/0 20:46 2:35 0:00
Rasmus Dahlin 0 0 0 1 2 1 3 0 0 1 0/0 22:24 2:35 1:27
Ryan Nugent-Hopkins 0 0 0 0 0 0 2 1 0 1 2/2 15:45 0:00 4:08
Valeri Nichushkin 1 0 1 1 0 1 1 1 1 0 0/3 16:06 2:07 0:38
Viktor Arvidsson 0 0 0 0 0 0 0 1 0 1 0/1 9:20 0:00 0:37
William Karlsson 0 2 2 1 0 2 0 0 0 1 7/13 15:44 0:00 2:22
Players Stats for Philadelphia Flyers
Player Name G A P +/- PIM S H SB GA TA FO MP PP MP PK MP
------------------------------------------------------------------------------------
Brandon Duhaime 0 0 0 0 0 1 1 0 1 0 0/0 11:28 0:00 0:00
Brett Murray 0 0 0 -1 0 1 1 0 0 0 0/0 11:42 0:00 0:00
Casey Cizikas 1 0 1 -1 0 4 1 2 2 0 8/14 16:56 3:21 1:56
Cody Glass 0 0 0 -1 0 2 2 0 0 0 2/2 17:16 2:36 0:00
Fredrik Olofsson 0 0 0 0 0 1 2 0 1 0 0/0 12:55 0:53 0:24
Jack McBain 0 0 0 0 0 1 2 0 0 0 10/19 16:20 3:47 0:49
Jeff Skinner 0 0 0 -1 0 6 0 1 0 0 1/2 15:32 3:50 0:00
Joel Edmundson 0 0 0 0 0 1 0 0 0 0 0/0 18:25 0:00 0:00
Joshua Brown 0 0 0 -1 2 2 2 0 0 0 0/0 16:25 0:37 1:07
Juuso Parssinen 0 0 0 0 0 3 1 0 1 0 0/1 15:59 3:50 0:28
Luke Glendening 0 0 0 -1 0 1 1 0 0 0 0/1 15:34 0:05 1:50
Marcus Johansson 0 0 0 0 0 2 1 0 2 0 0/0 11:50 0:50 0:00
Radek Faksa 0 0 0 0 0 1 2 0 1 0 5/6 13:07 0:00 1:56
Sean Kuraly 0 1 1 -1 4 2 1 0 2 0 6/8 17:09 2:36 0:57
Trevor van Riemsdyk 0 0 0 0 0 1 0 1 1 3 0/0 23:15 2:48 2:03
Vladislav Gavrikov 0 0 0 -1 0 1 2 4 0 0 0/0 22:26 3:51 2:07
William Borgen 0 0 0 -1 0 0 1 0 0 0 0/0 21:15 3:51 2:07
Zac Jones 0 0 0 -1 0 0 0 2 0 0 0/0 18:13 3:25 0:56
3 Stars
1 - Charlie Lindgren (MNS)
2 - Valeri Nichushkin (MNS)
3 - Gustav Forsling (MNS)
Power Play
Minnesota North Stars - 1 on 3 Attempt(s) - 33.33%
Philadelphia Flyers - 1 on 4 Attempt(s) - 25.00%
Penalty Kill
Minnesota North Stars - 3 on 4 Attempt(s) - 75.00%
- Score 0 goal in Penalty Kill
Philadelphia Flyers - 2 on 3 Attempt(s) - 66.67%
- Score 0 goal in Penalty Kill
Team Stat
Minnesota North Stars - Hits : 19 - Faceoff Wins : 21 - Blocked Shots : 13 - Penalty Minutes : 8
Philadelphia Flyers - Hits : 20 - Faceoff Wins : 32 - Blocked Shots : 10 - Penalty Minutes : 6
Official
Referees : Kevin Pollock and Dan O'Rourke
Linesman : Ben O'Quinn and Tommy Hughes
Game Notes
No Game Note
Finance
Level 1 -- Attendance: 5872 (97.87%) -- Ticket Income $534,352
Level 2 -- Attendance: 4447 (88.94%) -- Ticket Income $231,244
Level 3 -- Attendance: 2770 (92.33%) -- Ticket Income $77,560
Level 4 -- Attendance: 4549 (90.98%) -- Ticket Income $81,882
Luxury Box -- Attendance: 933 (93.30%) -- Ticket Income $177,270
Game was played at the Wells Fargo Center.
Total Attendance: 18571 (92.86%)
Total Ticket Income: $1,102,308
Other Income: $385,808
Total Income: $1,488,116
Minnesota North Stars
5 vs 5 Forward
Center Left Wing Right Wing Time % Phy DF OF
1 William Karlsson Valeri Nichushkin Frank Vatrano 30 0 2 3
2 Evgeni Malkin Brock Nelson Lawson Crouse 30 0 2 3
3 Jack Hughes Ryan Nugent-Hopkins Alexander Kerfoot 25 0 2 3
4 Evan Rodrigues Viktor Arvidsson Ivan Barbashev 15 1 2 2
5 vs 5 Defense
Defense Defense Time % Phy DF OF
1 Rasmus Dahlin Neal Pionk 34 0 3 2
2 Erik Cernak Gustav Forsling 33 0 3 2
3 Dylan DeMelo Matt Roy 33 0 3 2
4 Rasmus Dahlin Neal Pionk 0 0 3 2
PowerPlay Forward
Center Left Wing Right Wing Time % Phy DF OF
1 Jack Hughes Valeri Nichushkin Frank Vatrano 50 0 1 4
2 Evgeni Malkin Brock Nelson Ivan Barbashev 50 0 1 4
PowerPlay Defense
Defense Defense Time % Phy DF OF
1 Rasmus Dahlin Neal Pionk 50 1 2 2
2 Matt Roy Gustav Forsling 50 1 2 2
Penalty Kill 4 Players Forward
Center Wing Time % Phy DF OF
1 William Karlsson Lawson Crouse 50 0 5 0
2 Alexander Kerfoot Ryan Nugent-Hopkins 50 0 5 0
Penalty Kill 4 Players Defense
Defense Defense Time % Phy DF OF
1 Erik Cernak Matt Roy 50 0 5 0
2 Gustav Forsling Dylan DeMelo 50 0 5 0
Penalty Kill - 3 Players Forward
Forward Time % Phy DF OF
1 Alexander Kerfoot 50 0 5 0
2 Ryan Nugent-Hopkins 50 0 5 0
Penalty Kill - 3 Players Defense
Defense Defense Time % Phy DF OF
1 Erik Cernak Matt Roy 50 1 2 2
2 Dylan DeMelo Gustav Forsling 50 1 2 2
4 vs 4 Forward
Center Wing Time % Phy DF OF
1 William Karlsson Valeri Nichushkin 50 0 2 3
2 Evgeni Malkin Jack Hughes 50 0 2 3
4 vs 4 Defense
Defense Defense Time % Phy DF OF
1 Rasmus Dahlin Neal Pionk 50 1 2 2
2 Erik Cernak Gustav Forsling 50 1 2 2
Last Minutes Offensive
Center Left Wing Right Wing Defense Defense
William Karlsson Jack Hughes Frank Vatrano Rasmus Dahlin Neal Pionk
Last Minutes Defensive
Center Left Wing Right Wing Defense Defense
William Karlsson Valeri Nichushkin Lawson Crouse Erik Cernak Gustav Forsling
Goaltenders
Starting : Charlie Lindgren
Backup : Stuart Skinner
Extra Forwards
Normal : Ryan Nugent-Hopkins, Alexander Kerfoot, Viktor Arvidsson - PP : Ryan Nugent-Hopkins, Alexander Kerfoot - PK : Viktor Arvidsson
Extra Defensemen
Normal : Dylan DeMelo, Matt Roy, Erik Cernak - PP : Dylan DeMelo - PK : Matt Roy, Erik Cernak
Penalty Shots
Valeri Nichushkin, William Karlsson, Evgeni Malkin, Jack Hughes, Brock Nelson
Scratches
Jonas Brodin (Healthy), Cal Clutterbuck (Healthy), Matthew Beniers (Healthy)
Philadelphia Flyers
5 vs 5 Forward
Center Left Wing Right Wing Time % Phy DF OF
1 Casey Cizikas Jeff Skinner Brett Murray 25 0 1 4
2 Jack McBain Juuso Parssinen Brandon Duhaime 25 0 2 3
3 Sean Kuraly Cody Glass Luke Glendening 25 0 1 4
4 Radek Faksa Marcus Johansson Fredrik Olofsson 25 0 2 3
5 vs 5 Defense
Defense Defense Time % Phy DF OF
1 Vladislav Gavrikov William Borgen 35 0 2 3
2 Trevor van Riemsdyk Joel Edmundson 35 0 2 3
3 Zac Jones Joshua Brown 30 0 2 3
4 Vladislav Gavrikov William Borgen 0 1 2 2
PowerPlay Forward
Center Left Wing Right Wing Time % Phy DF OF
1 Jack McBain Jeff Skinner Juuso Parssinen 50 0 0 5
2 Casey Cizikas Cody Glass Sean Kuraly 50 0 0 5
PowerPlay Defense
Defense Defense Time % Phy DF OF
1 William Borgen Vladislav Gavrikov 50 0 1 4
2 Zac Jones Trevor van Riemsdyk 50 0 1 4
Penalty Kill 4 Players Forward
Center Wing Time % Phy DF OF
1 Casey Cizikas Radek Faksa 50 0 5 0
2 Sean Kuraly Luke Glendening 50 0 5 0
Penalty Kill 4 Players Defense
Defense Defense Time % Phy DF OF
1 Vladislav Gavrikov William Borgen 50 0 5 0
2 Trevor van Riemsdyk Joshua Brown 50 0 5 0
Penalty Kill - 3 Players Forward
Forward Time % Phy DF OF
1 Casey Cizikas 50 0 5 0
2 Radek Faksa 50 0 5 0
Penalty Kill - 3 Players Defense
Defense Defense Time % Phy DF OF
1 Vladislav Gavrikov William Borgen 50 0 5 0
2 Trevor van Riemsdyk Joshua Brown 50 0 5 0
4 vs 4 Forward
Center Wing Time % Phy DF OF
1 Jeff Skinner Casey Cizikas 50 0 1 4
2 Jack McBain Juuso Parssinen 50 0 1 4
4 vs 4 Defense
Defense Defense Time % Phy DF OF
1 Vladislav Gavrikov William Borgen 50 0 2 3
2 Trevor van Riemsdyk Joel Edmundson 50 0 2 3
Last Minutes Offensive
Center Left Wing Right Wing Defense Defense
Casey Cizikas Jeff Skinner Jack McBain Vladislav Gavrikov William Borgen
Last Minutes Defensive
Center Left Wing Right Wing Defense Defense
Casey Cizikas Radek Faksa Sean Kuraly Vladislav Gavrikov William Borgen
Goaltenders
Starting : Jake Allen
Backup : Connor Ingram
Extra Forwards
Normal : Jack McBain, Jeff Skinner, Cody Glass - PP : Jack McBain, Jeff Skinner - PK : Jack McBain
Extra Defensemen
Normal : Vladislav Gavrikov, William Borgen, Trevor van Riemsdyk - PP : Vladislav Gavrikov - PK : Vladislav Gavrikov, William Borgen
Penalty Shots
Casey Cizikas, Cody Glass, Jeff Skinner, Juuso Parssinen, Sean Kuraly
Scratches
Chase De Leo (Healthy), Charles Hudon (Healthy), Jacob MacDonald (Healthy)
% Time on Ice - Minnesota North Stars
Lines # - Real PCT - Wanted PCT - Time Play
Normal Forward
1 - 29% - 30% - 13:52
2 - 34% - 30% - 16:32
3 - 21% - 25% - 10:16
4 - 16% - 15% - 7:54
Normal Defense
1 - 39% - 34% - 18:51
2 - 30% - 33% - 14:30
3 - 31% - 33% - 15:13
4 - 0% - 0% - 0:00
PP Forward
1 - 51% - 50% - 2:07
2 - 49% - 50% - 2:03
PP Defense
1 - 62% - 50% - 2:35
2 - 38% - 50% - 1:35
PK Forward
1 - 34% - 50% - 2:30
2 - 66% - 50% - 4:46
PK Defense
1 - 45% - 50% - 3:18
2 - 55% - 50% - 3:58
PK3 Forward
1 - 0% - 50%
2 - 0% - 50%
PK3 Defense
1 - 0% - 50%
2 - 0% - 50%
44 Forward
1 - 0% - 50%
2 - 0% - 50%
44 Defense
1 - 0% - 50%
2 - 0% - 50%
Last Minute Offensive - 0:00
Last Minute Defensive - 0:00
Total
Forward - 60:00
Defense - 60:00
|
% Time on Ice - Philadelphia Flyers
Lines # - Real PCT - Wanted PCT - Time Play
Normal Forward
1 - 25% - 25% - 12:21
2 - 25% - 25% - 11:59
3 - 28% - 25% - 13:29
4 - 22% - 25% - 10:45
Normal Defense
1 - 32% - 35% - 15:27
2 - 39% - 35% - 18:51
3 - 29% - 30% - 14:16
4 - 0% - 0% - 0:00
PP Forward
1 - 63% - 50% - 4:35
2 - 37% - 50% - 2:41
PP Defense
1 - 61% - 50% - 4:28
2 - 39% - 50% - 2:48
PK Forward
1 - 48% - 50% - 2:01
2 - 52% - 50% - 2:09
PK Defense
1 - 51% - 50% - 2:07
2 - 49% - 50% - 2:03
PK3 Forward
1 - 0% - 50%
2 - 0% - 50%
PK3 Defense
1 - 0% - 50%
2 - 0% - 50%
44 Forward
1 - 0% - 50%
2 - 0% - 50%
44 Defense
1 - 0% - 50%
2 - 0% - 50%
Last Minute Offensive - 0:00
Last Minute Defensive - 0:00
Total
Forward - 60:00
Defense - 60:00
|
Play-by-Play
1st period
0:01 of 1st period - William Karlsson wins face-off versus Jeff Skinner in neutral zone.
0:50 of 1st period - Sean Kuraly is hit by Ivan Barbashev and loses puck.
0:57 of 1st period - Erik Cernak is hit by Luke Glendening and loses puck.
1:26 of 1st period - Fredrik Olofsson is hit by Ryan Nugent-Hopkins.
1:44 of 1st period - Slapshot by Jeff Skinner.
1:44 of 1st period - Shot Misses the Net.
1:46 of 1st period - Snap shot by Trevor van Riemsdyk.
1:46 of 1st period - Deflect By Jeff Skinner.
1:46 of 1st period - Stopped by Charlie Lindgren without a rebound.
1:47 of 1st period - Jack McBain wins face-off versus Valeri Nichushkin in Minnesota North Stars zone.
2:14 of 1st period - Jack McBain is hit by Rasmus Dahlin and loses puck.
2:42 of 1st period - Snap shot by Juuso Parssinen.
2:42 of 1st period - Shot Misses the Net.
3:16 of 1st period - Snap shot by Juuso Parssinen.
3:16 of 1st period - Stopped by Charlie Lindgren with a rebound.
3:38 of 1st period - Snap shot by Jeff Skinner.
3:38 of 1st period - Shot Misses the Net.
3:40 of 1st period - Wrist shot by Casey Cizikas.
3:40 of 1st period - Stopped by Charlie Lindgren with a rebound.
3:42 of 1st period - Backhand shot by Casey Cizikas.
3:42 of 1st period - Shot Blocked by Erik Cernak.
3:44 of 1st period - Wrist shot by Casey Cizikas.
3:44 of 1st period - Stopped by Charlie Lindgren with a rebound.
3:46 of 1st period - Wrist shot by Joshua Brown.
3:46 of 1st period - Shot Blocked by Viktor Arvidsson.
3:48 of 1st period - Slapshot by Joshua Brown.
3:48 of 1st period - Shot Blocked by Gustav Forsling.
4:27 of 1st period - Off-side.
4:28 of 1st period - Jack Hughes wins face-off versus Sean Kuraly in neutral zone.
4:41 of 1st period - Wrist shot by Jack Hughes.
4:41 of 1st period - Deflect By Ryan Nugent-Hopkins.
4:41 of 1st period - Shot Misses the Net.
4:41 of 1st period - Puck is out of play.
4:42 of 1st period - Radek Faksa wins face-off versus William Karlsson in Philadelphia Flyers zone.
4:42 of 1st period - Radek Faksa is hit by Dylan DeMelo.
6:01 of 1st period - Radek Faksa is hit by Ivan Barbashev and loses puck.
6:23 of 1st period - Juuso Parssinen is hit by Rasmus Dahlin and loses puck.
7:20 of 1st period - Wrist shot by Evan Rodrigues.
7:20 of 1st period - Stopped by Jake Allen without a rebound.
7:21 of 1st period - Radek Faksa wins face-off versus Evan Rodrigues in Philadelphia Flyers zone.
8:25 of 1st period - Slapshot by Radek Faksa.
8:25 of 1st period - Shot Misses the Net.
8:27 of 1st period - Slapshot by Vladislav Gavrikov.
8:27 of 1st period - Deflect By Ryan Nugent-Hopkins.
8:27 of 1st period - Stopped by Charlie Lindgren without a rebound.
8:28 of 1st period - Jack Hughes wins face-off versus Casey Cizikas in Minnesota North Stars zone.
8:37 of 1st period - Wrist shot by Jeff Skinner.
8:37 of 1st period - Stopped by Charlie Lindgren without a rebound.
8:38 of 1st period - Jeff Skinner wins face-off versus Valeri Nichushkin in Minnesota North Stars zone.
8:45 of 1st period - Casey Cizikas is hit by Frank Vatrano and loses puck.
9:41 of 1st period - Icing by Rasmus Dahlin.
9:42 of 1st period - Casey Cizikas wins face-off versus Jack Hughes in Minnesota North Stars zone.
9:45 of 1st period - Snap shot by Jeff Skinner.
9:45 of 1st period - Stopped by Charlie Lindgren with a rebound.
9:49 of 1st period - Backhand shot by Jeff Skinner.
9:49 of 1st period - Stopped by Charlie Lindgren with a rebound.
9:51 of 1st period - Wrist shot by Brett Murray.
9:51 of 1st period - Shot Blocked by Neal Pionk.
9:53 of 1st period - Snap shot by Brett Murray.
9:53 of 1st period - Stopped by Charlie Lindgren with a rebound.
10:04 of 1st period - Icing by Ryan Nugent-Hopkins.
10:05 of 1st period - Sean Kuraly wins face-off versus William Karlsson in Minnesota North Stars zone.
10:27 of 1st period - Icing by William Karlsson.
10:28 of 1st period - Jack McBain wins face-off versus Evgeni Malkin in Minnesota North Stars zone.
10:31 of 1st period - Snap shot by Jack McBain.
10:31 of 1st period - Shot Misses the Net.
10:41 of 1st period - Juuso Parssinen is hit by Neal Pionk and loses puck.
11:05 of 1st period - Snap shot by Frank Vatrano.
11:05 of 1st period - Deflect By Sean Kuraly.
11:05 of 1st period - Stopped by Jake Allen with a rebound.
11:17 of 1st period - Wrist shot by Jeff Skinner.
11:17 of 1st period - Stopped by Charlie Lindgren with a rebound.
11:19 of 1st period - Snap shot by Vladislav Gavrikov.
11:19 of 1st period - Shot Blocked by Matt Roy.
11:27 of 1st period - Slapshot by Jeff Skinner.
11:27 of 1st period - Shot Misses the Net.
11:47 of 1st period - Snap shot by Evan Rodrigues.
11:47 of 1st period - Deflect By Viktor Arvidsson.
11:47 of 1st period - Shot Misses the Net.
11:47 of 1st period - Puck is out of play.
11:48 of 1st period - Sean Kuraly wins face-off versus William Karlsson in Philadelphia Flyers zone.
12:03 of 1st period - Wrist shot by Luke Glendening.
12:03 of 1st period - Stopped by Charlie Lindgren without a rebound.
12:04 of 1st period - Jack McBain wins face-off versus Evgeni Malkin in Minnesota North Stars zone.
12:10 of 1st period - Minor Penalty to Erik Cernak for Tripping.
12:11 of 1st period - William Karlsson wins face-off versus Jack McBain in Minnesota North Stars zone.
12:50 of 1st period - Slapshot by William Karlsson.
12:50 of 1st period - Stopped by Jake Allen without a rebound.
12:51 of 1st period - William Karlsson wins face-off versus Jack McBain in Philadelphia Flyers zone.
13:06 of 1st period - Snap shot by Lawson Crouse.
13:06 of 1st period - Shot Misses the Net.
13:27 of 1st period - Backhand shot by Casey Cizikas.
13:27 of 1st period - Shot Blocked by Gustav Forsling.
13:29 of 1st period - Wrist shot by Casey Cizikas.
13:29 of 1st period - Goal by Casey Cizikas - Minnesota North Stars : 0 - Philadelphia Flyers : 1.
13:30 of 1st period - Casey Cizikas wins face-off versus Evgeni Malkin in neutral zone.
14:20 of 1st period - Matt Roy is hit by Cody Glass and loses puck.
14:41 of 1st period - Backhand shot by Marcus Johansson.
14:41 of 1st period - Stopped by Charlie Lindgren without a rebound.
14:42 of 1st period - Brock Nelson wins face-off versus Radek Faksa in Minnesota North Stars zone.
14:42 of 1st period - Brock Nelson is hit by Fredrik Olofsson.
16:05 of 1st period - Slapshot by Marcus Johansson.
16:05 of 1st period - Shot Misses the Net.
16:07 of 1st period - Wrist shot by Marcus Johansson.
16:07 of 1st period - Deflect By Fredrik Olofsson.
16:07 of 1st period - Shot Blocked by Valeri Nichushkin.
16:07 of 1st period - Puck is out of play.
16:08 of 1st period - Casey Cizikas wins face-off versus Evgeni Malkin in Minnesota North Stars zone.
16:17 of 1st period - Wrist shot by Jeff Skinner.
16:17 of 1st period - Deflect By Brett Murray.
16:17 of 1st period - Shot Misses the Net.
16:17 of 1st period - Puck is out of play.
16:18 of 1st period - Evgeni Malkin wins face-off versus Casey Cizikas in Minnesota North Stars zone.
16:28 of 1st period - Wrist shot by Jeff Skinner.
16:28 of 1st period - Shot Blocked by Erik Cernak.
16:30 of 1st period - Wrist shot by Casey Cizikas.
16:30 of 1st period - Stopped by Charlie Lindgren without a rebound.
16:31 of 1st period - Jack McBain wins face-off versus Jack Hughes in Minnesota North Stars zone.
16:34 of 1st period - Wrist shot by Juuso Parssinen.
16:34 of 1st period - Shot Blocked by Erik Cernak.
17:43 of 1st period - Snap shot by Jack McBain.
17:43 of 1st period - Shot Blocked by Dylan DeMelo.
17:45 of 1st period - Slapshot by Joshua Brown.
17:45 of 1st period - Stopped by Charlie Lindgren without a rebound.
17:46 of 1st period - William Karlsson wins face-off versus Casey Cizikas in Minnesota North Stars zone.
18:37 of 1st period - Snap shot by Marcus Johansson.
18:37 of 1st period - Stopped by Charlie Lindgren with a rebound.
18:39 of 1st period - Slapshot by Fredrik Olofsson.
18:39 of 1st period - Shot Misses the Net.
18:41 of 1st period - Wrist shot by Radek Faksa.
18:41 of 1st period - Stopped by Charlie Lindgren with a rebound.
19:01 of 1st period - Slapshot by Juuso Parssinen.
19:01 of 1st period - Shot Misses the Net.
19:03 of 1st period - Snap shot by Juuso Parssinen.
19:03 of 1st period - Stopped by Charlie Lindgren with a rebound.
19:31 of 1st period - Off-side.
19:32 of 1st period - Sean Kuraly wins face-off versus Jack Hughes in neutral zone.
19:43 of 1st period - Wrist shot by Cody Glass.
19:43 of 1st period - Stopped by Charlie Lindgren with a rebound.
19:45 of 1st period - Slapshot by Joshua Brown.
19:45 of 1st period - Shot Misses the Net.
Goals for this period are 0 for Minnesota North Stars vs 1 for Philadelphia Flyers.
Shots for this period are 3 for Minnesota North Stars vs 19 for Philadelphia Flyers.
2nd period
0:01 of 2nd period - Jack McBain wins face-off versus Evgeni Malkin in neutral zone.
0:49 of 2nd period - Wrist shot by Ryan Nugent-Hopkins.
0:49 of 2nd period - Shot Misses the Net.
0:51 of 2nd period - Slapshot by Dylan DeMelo.
0:51 of 2nd period - Deflect By Luke Glendening.
0:51 of 2nd period - Stopped by Jake Allen with a rebound.
0:53 of 2nd period - Snap shot by Alexander Kerfoot.
0:53 of 2nd period - Shot Misses the Net.
0:55 of 2nd period - Slapshot by Dylan DeMelo.
0:55 of 2nd period - Deflect By Jack Hughes.
0:55 of 2nd period - Shot Misses the Net.
0:55 of 2nd period - Puck is out of play.
0:56 of 2nd period - Evgeni Malkin wins face-off versus Jack McBain in Philadelphia Flyers zone.
1:01 of 2nd period - Snap shot by Lawson Crouse.
1:01 of 2nd period - Shot Misses the Net.
1:05 of 2nd period - Wrist shot by Lawson Crouse.
1:05 of 2nd period - Stopped by Jake Allen with a rebound.
1:29 of 2nd period - Snap shot by Casey Cizikas.
1:29 of 2nd period - Deflect By Brett Murray.
1:29 of 2nd period - Shot Blocked by Gustav Forsling.
1:29 of 2nd period - Puck is out of play.
1:30 of 2nd period - Ryan Nugent-Hopkins wins face-off versus Sean Kuraly in Minnesota North Stars zone.
1:56 of 2nd period - Rasmus Dahlin is hit by Joshua Brown and loses puck.
2:21 of 2nd period - Ivan Barbashev is hit by Radek Faksa.
2:37 of 2nd period - Gustav Forsling is hit by Marcus Johansson and loses puck.
2:48 of 2nd period - Marcus Johansson is hit by Evan Rodrigues and loses puck.
3:13 of 2nd period - Slapshot by Ivan Barbashev.
3:13 of 2nd period - Shot Blocked by Vladislav Gavrikov.
3:15 of 2nd period - Slapshot by Ivan Barbashev.
3:15 of 2nd period - Stopped by Jake Allen with a rebound.
3:17 of 2nd period - Slapshot by Gustav Forsling.
3:17 of 2nd period - Shot Misses the Net.
3:19 of 2nd period - Slapshot by Evan Rodrigues.
3:19 of 2nd period - Stopped by Jake Allen without a rebound.
3:20 of 2nd period - Casey Cizikas wins face-off versus William Karlsson in Philadelphia Flyers zone.
3:29 of 2nd period - Slapshot by Valeri Nichushkin.
3:29 of 2nd period - Shot Misses the Net.
4:10 of 2nd period - Lawson Crouse is hit by Sean Kuraly.
4:22 of 2nd period - Luke Glendening is hit by Matt Roy and loses puck.
4:29 of 2nd period - Matt Roy is hit by Joshua Brown and loses puck.
4:42 of 2nd period - Slapshot by Juuso Parssinen.
4:42 of 2nd period - Stopped by Charlie Lindgren with a rebound.
4:46 of 2nd period - Wrist shot by Jack McBain.
4:46 of 2nd period - Stopped by Charlie Lindgren without a rebound.
4:47 of 2nd period - Jack McBain wins face-off versus William Karlsson in Minnesota North Stars zone.
4:56 of 2nd period - Wrist shot by Jack McBain.
4:56 of 2nd period - Shot Misses the Net.
5:17 of 2nd period - Snap shot by Jack Hughes.
5:17 of 2nd period - Stopped by Jake Allen without a rebound.
5:18 of 2nd period - Cody Glass wins face-off versus Evgeni Malkin in Philadelphia Flyers zone.
5:18 of 2nd period - Cody Glass is hit by Dylan DeMelo.
5:32 of 2nd period - Slapshot by Sean Kuraly.
5:32 of 2nd period - Stopped by Charlie Lindgren with a rebound.
5:34 of 2nd period - Snap shot by Sean Kuraly.
5:34 of 2nd period - Stopped by Charlie Lindgren without a rebound.
5:35 of 2nd period - Jack McBain wins face-off versus Jack Hughes in Minnesota North Stars zone.
5:38 of 2nd period - Wrist shot by Brandon Duhaime.
5:38 of 2nd period - Shot Misses the Net.
5:40 of 2nd period - Snap shot by Jack McBain.
5:40 of 2nd period - Shot Blocked by Ryan Nugent-Hopkins.
5:42 of 2nd period - Slapshot by Trevor van Riemsdyk.
5:42 of 2nd period - Deflect By Ryan Nugent-Hopkins.
5:42 of 2nd period - Stopped by Charlie Lindgren with a rebound.
6:49 of 2nd period - Snap shot by Brock Nelson.
6:49 of 2nd period - Stopped by Jake Allen with a rebound.
6:51 of 2nd period - Slapshot by Neal Pionk.
6:51 of 2nd period - Shot Misses the Net.
6:53 of 2nd period - Slapshot by Rasmus Dahlin.
6:53 of 2nd period - Deflect By Evgeni Malkin.
6:53 of 2nd period - Stopped by Jake Allen without a rebound.
6:54 of 2nd period - William Karlsson wins face-off versus Jack McBain in Philadelphia Flyers zone.
6:57 of 2nd period - Wrist shot by Valeri Nichushkin.
6:57 of 2nd period - Shot Misses the Net.
7:03 of 2nd period - Snap shot by Brandon Duhaime.
7:03 of 2nd period - Stopped by Charlie Lindgren with a rebound.
7:05 of 2nd period - Backhand shot by Joshua Brown.
7:05 of 2nd period - Stopped by Charlie Lindgren without a rebound.
7:06 of 2nd period - Casey Cizikas wins face-off versus Brock Nelson in Minnesota North Stars zone.
7:09 of 2nd period - Snap shot by Jeff Skinner.
7:09 of 2nd period - Shot Misses the Net.
8:02 of 2nd period - Wrist shot by Brandon Duhaime.
8:02 of 2nd period - Shot Misses the Net.
8:18 of 2nd period - Matt Roy is hit by Fredrik Olofsson and loses puck.
8:36 of 2nd period - Icing by Dylan DeMelo.
8:37 of 2nd period - Evgeni Malkin wins face-off versus Casey Cizikas in Minnesota North Stars zone.
8:42 of 2nd period - Wrist shot by Lawson Crouse.
8:42 of 2nd period - Stopped by Jake Allen with a rebound.
8:44 of 2nd period - Snap shot by Brock Nelson.
8:44 of 2nd period - Shot Blocked by Casey Cizikas.
8:46 of 2nd period - Snap shot by Evgeni Malkin.
8:46 of 2nd period - Shot Blocked by Jeff Skinner.
8:52 of 2nd period - Snap shot by Brock Nelson.
8:52 of 2nd period - Stopped by Jake Allen with a rebound.
11:05 of 2nd period - Minor Penalty to Sean Kuraly for Slashing.
11:06 of 2nd period - Jack Hughes wins face-off versus Casey Cizikas in Philadelphia Flyers zone.
11:17 of 2nd period - Snap shot by Valeri Nichushkin.
11:17 of 2nd period - Goal by Valeri Nichushkin - Minnesota North Stars : 1 - Philadelphia Flyers : 1.
11:18 of 2nd period - Radek Faksa wins face-off versus Evgeni Malkin in neutral zone.
11:25 of 2nd period - Snap shot by Fredrik Olofsson.
11:25 of 2nd period - Stopped by Charlie Lindgren without a rebound.
11:26 of 2nd period - Radek Faksa wins face-off versus Lawson Crouse in Minnesota North Stars zone.
11:47 of 2nd period - Minor Penalty to Rasmus Dahlin for Tripping.
11:48 of 2nd period - William Karlsson wins face-off versus Casey Cizikas in Minnesota North Stars zone.
12:13 of 2nd period - Jack McBain is hit by Matt Roy and loses puck.
13:45 of 2nd period - Erik Cernak is hit by Vladislav Gavrikov.
13:47 of 2nd period - Penalty to Rasmus Dahlin is over, Rasmus Dahlin is back on ice.
13:56 of 2nd period - Snap shot by Marcus Johansson.
13:56 of 2nd period - Deflect By Fredrik Olofsson.
13:56 of 2nd period - Shot Blocked by Erik Cernak.
13:56 of 2nd period - Puck is out of play.
13:57 of 2nd period - Radek Faksa wins face-off versus Ivan Barbashev in Minnesota North Stars zone.
14:00 of 2nd period - Wrist shot by Fredrik Olofsson.
14:00 of 2nd period - Shot Misses the Net.
14:02 of 2nd period - Snap shot by Fredrik Olofsson.
14:02 of 2nd period - Shot Hit the Post.
14:12 of 2nd period - Evan Rodrigues is hit by Radek Faksa and loses puck.
14:37 of 2nd period - Wrist shot by Evgeni Malkin.
14:37 of 2nd period - Goal by Evgeni Malkin - Minnesota North Stars : 2 - Philadelphia Flyers : 1.
14:38 of 2nd period - Casey Cizikas wins face-off versus Frank Vatrano in neutral zone.
14:49 of 2nd period - Snap shot by William Karlsson.
14:49 of 2nd period - Shot Blocked by Vladislav Gavrikov.
14:51 of 2nd period - Slapshot by Erik Cernak.
14:51 of 2nd period - Stopped by Jake Allen with a rebound.
14:53 of 2nd period - Slapshot by Gustav Forsling.
14:53 of 2nd period - Shot Blocked by Vladislav Gavrikov.
14:55 of 2nd period - Slapshot by Gustav Forsling.
14:55 of 2nd period - Goal by Gustav Forsling - Minnesota North Stars : 3 - Philadelphia Flyers : 1.
14:56 of 2nd period - Sean Kuraly wins face-off versus Jack Hughes in neutral zone.
15:16 of 2nd period - Minor Penalty to Sean Kuraly for Tripping.
15:17 of 2nd period - Brock Nelson wins face-off versus Jack McBain in Philadelphia Flyers zone.
15:49 of 2nd period - William Borgen is hit by Valeri Nichushkin and loses puck.
17:16 of 2nd period - Penalty to Sean Kuraly is over, Sean Kuraly is back on ice.
17:53 of 2nd period - Minor Penalty to Dylan DeMelo for Tripping.
17:54 of 2nd period - Jack McBain wins face-off versus William Karlsson in Minnesota North Stars zone.
18:16 of 2nd period - Wrist shot by Ryan Nugent-Hopkins.
18:16 of 2nd period - Shot Misses the Net.
19:53 of 2nd period - Penalty to Dylan DeMelo is over, Dylan DeMelo is back on ice.
Goals for this period are 3 for Minnesota North Stars vs 0 for Philadelphia Flyers.
Shots for this period are 13 for Minnesota North Stars vs 8 for Philadelphia Flyers.
3rd period
0:01 of 3rd period - Evgeni Malkin wins face-off versus Jack McBain in neutral zone.
0:10 of 3rd period - Snap shot by Evgeni Malkin.
0:10 of 3rd period - Stopped by Jake Allen with a rebound.
0:16 of 3rd period - Erik Cernak is hit by Brandon Duhaime and loses puck.
0:53 of 3rd period - Snap shot by Viktor Arvidsson.
0:53 of 3rd period - Shot Misses the Net.
1:15 of 3rd period - Wrist shot by Ryan Nugent-Hopkins.
1:15 of 3rd period - Shot Blocked by Vladislav Gavrikov.
1:17 of 3rd period - Snap shot by Jack Hughes.
1:17 of 3rd period - Stopped by Jake Allen with a rebound.
2:21 of 3rd period - Wrist shot by Ivan Barbashev.
2:21 of 3rd period - Deflect By Evan Rodrigues.
2:21 of 3rd period - Shot Misses the Net.
2:21 of 3rd period - Puck is out of play.
2:22 of 3rd period - Sean Kuraly wins face-off versus Evan Rodrigues in Philadelphia Flyers zone.
2:28 of 3rd period - Off-side.
2:29 of 3rd period - Lawson Crouse wins face-off versus Luke Glendening in neutral zone.
2:34 of 3rd period - Snap shot by Brock Nelson.
2:34 of 3rd period - Deflect By Lawson Crouse.
2:34 of 3rd period - Stopped by Jake Allen with a rebound.
2:40 of 3rd period - Trevor van Riemsdyk is hit by Brock Nelson and loses puck.
2:47 of 3rd period - Rasmus Dahlin is hit by Cody Glass and loses puck.
3:06 of 3rd period - Slapshot by Evgeni Malkin.
3:06 of 3rd period - Shot Blocked by Trevor van Riemsdyk.
3:20 of 3rd period - Slapshot by Rasmus Dahlin.
3:20 of 3rd period - Stopped by Jake Allen with a rebound.
4:09 of 3rd period - Snap shot by Evgeni Malkin.
4:09 of 3rd period - Stopped by Jake Allen with a rebound.
4:46 of 3rd period - Snap shot by Lawson Crouse.
4:46 of 3rd period - Stopped by Jake Allen with a rebound.
5:22 of 3rd period - Slapshot by Joel Edmundson.
5:22 of 3rd period - Stopped by Charlie Lindgren with a rebound.
5:48 of 3rd period - Snap shot by Sean Kuraly.
5:48 of 3rd period - Shot Misses the Net.
5:50 of 3rd period - Slapshot by Trevor van Riemsdyk.
5:50 of 3rd period - Shot Misses the Net.
6:53 of 3rd period - Slapshot by Cody Glass.
6:53 of 3rd period - Stopped by Charlie Lindgren without a rebound.
6:54 of 3rd period - William Karlsson wins face-off versus Jack McBain in Minnesota North Stars zone.
6:54 of 3rd period - William Karlsson is hit by Juuso Parssinen.
6:57 of 3rd period - Icing by Valeri Nichushkin.
6:58 of 3rd period - Jack McBain wins face-off versus Valeri Nichushkin in Minnesota North Stars zone.
7:06 of 3rd period - Minor Penalty to Frank Vatrano for Tripping.
7:07 of 3rd period - Alexander Kerfoot wins face-off versus Juuso Parssinen in Minnesota North Stars zone.
7:17 of 3rd period - Wrist shot by Juuso Parssinen.
7:17 of 3rd period - Deflect By Ryan Nugent-Hopkins.
7:17 of 3rd period - Shot Misses the Net.
7:17 of 3rd period - Puck is out of play.
7:18 of 3rd period - Jack McBain wins face-off versus Alexander Kerfoot in Minnesota North Stars zone.
7:19 of 3rd period - Slapshot by Jeff Skinner.
7:19 of 3rd period - Shot Misses the Net.
7:21 of 3rd period - Slapshot by Jeff Skinner.
7:21 of 3rd period - Stopped by Charlie Lindgren without a rebound.
7:22 of 3rd period - Ryan Nugent-Hopkins wins face-off versus Jack McBain in Minnesota North Stars zone.
7:27 of 3rd period - William Borgen is hit by Ryan Nugent-Hopkins and loses puck.
8:10 of 3rd period - Matt Roy is hit by Casey Cizikas and loses puck.
8:22 of 3rd period - Icing by Fredrik Olofsson.
8:23 of 3rd period - Casey Cizikas wins face-off versus Viktor Arvidsson in Philadelphia Flyers zone.
9:06 of 3rd period - Penalty to Frank Vatrano is over, Frank Vatrano is back on ice.
9:50 of 3rd period - Evan Rodrigues is hit by Jack McBain.
12:10 of 3rd period - Icing by Zac Jones.
12:11 of 3rd period - Ivan Barbashev wins face-off versus Jack McBain in Philadelphia Flyers zone.
12:30 of 3rd period - Zac Jones is hit by Ivan Barbashev and loses puck.
13:21 of 3rd period - Rasmus Dahlin is hit by William Borgen and loses puck.
13:42 of 3rd period - Casey Cizikas is hit by Rasmus Dahlin and loses puck.
13:54 of 3rd period - Off-side.
13:55 of 3rd period - Sean Kuraly wins face-off versus Alexander Kerfoot in neutral zone.
14:19 of 3rd period - Joel Edmundson is hit by Dylan DeMelo and loses puck.
14:45 of 3rd period - Minor Penalty to Joshua Brown for Holding.
14:46 of 3rd period - Casey Cizikas wins face-off versus Evgeni Malkin in Philadelphia Flyers zone.
16:45 of 3rd period - Penalty to Joshua Brown is over, Joshua Brown is back on ice.
17:00 of 3rd period - Alexander Kerfoot is hit by Jack McBain and loses puck.
18:25 of 3rd period - Snap shot by Evan Rodrigues.
18:25 of 3rd period - Shot Blocked by Zac Jones.
18:27 of 3rd period - Slapshot by Erik Cernak.
18:27 of 3rd period - Deflect By Evan Rodrigues.
18:27 of 3rd period - Shot Blocked by Zac Jones.
18:27 of 3rd period - Puck is out of play.
18:28 of 3rd period - Cody Glass wins face-off versus Evan Rodrigues in Philadelphia Flyers zone.
18:33 of 3rd period - Wrist shot by Cody Glass.
18:33 of 3rd period - Shot Hit the Post.
18:51 of 3rd period - Valeri Nichushkin is hit by Vladislav Gavrikov and loses puck.
19:14 of 3rd period - William Karlsson is hit by Brett Murray.
19:24 of 3rd period - Wrist shot by William Karlsson.
19:24 of 3rd period - Stopped by Jake Allen with a rebound.
19:26 of 3rd period - Slapshot by Neal Pionk.
19:26 of 3rd period - Shot Blocked by Casey Cizikas.
19:28 of 3rd period - Slapshot by Erik Cernak.
19:28 of 3rd period - Shot Misses the Net.
19:56 of 3rd period - Jack McBain is hit by Lawson Crouse and loses puck.
Goals for this period are 0 for Minnesota North Stars vs 0 for Philadelphia Flyers.
Shots for this period are 7 for Minnesota North Stars vs 3 for Philadelphia Flyers.
Back to the Top